 Dungeon Crawl Stone Soup version 0.25.1-2-g60ff931df9 (webtiles) character file.

Game seed: 18332214018986980374

35 DearestLeader the Digger (level 3, -4/19 HPs)
             Began as a Gargoyle Earth Elementalist on Sept 17, 2020.
             Killed from afar by Ijyb (20 damage)
             ... with a bolt of acid
             ... on level 3 of the Dungeon.
             The game lasted 00:02:44 (1633 turns).

DearestLeader the Digger (GrEE)                     Turns: 1633, Time: 00:02:44

Health: -4/19      AC:  6    Str: 11    XL:     3   Next: 35%
Magic:  0/6        EV: 12    Int: 16    God:
Gold:   40         SH:  0    Dex: 10    Spells: 5/6 levels left

rFire    . . .     SeeInvis .   h - +0 whip
rCold    . . .     Gourm    .   (no shield)
rNeg     + . .     Faith    .   c - +0 robe
rPois    ∞         Spirit   .   l - +0 helmet
rElec    +         Reflect  .   (no cloak)
rCorr    .         Harm     .   (no gloves)
MR       .....                  (no boots)
Stlth    ++........             (no amulet)
HPRegen  0.06/turn              (no ring)
MPRegen  0.10/turn              (no ring)

@: no status effects
A: negative energy resistance 1, electricity resistance, unbreathing,
petrification resistance, rot immunity, AC +3
a: no special abilities


You were on level 3 of the Dungeon.
You were not hungry.

You visited 1 branch of the dungeon, and saw 3 of its levels.

You collected 40 gold pieces.

Inventory:

Hand Weapons
 h - a +0 whip (weapon)
Missiles
 b - 85 stones (quivered)
Armour
 c - a +0 robe (worn)
 l - a +0 helmet (worn)
Scrolls
 e - a scroll of fog {unknown}
 f - a scroll of remove curse {unknown}
 i - a scroll of identify {unknown}
 j - a scroll of enchant armour {unknown}
Potions
 a - 2 potions of lignification {unknown}
 g - a potion of curing {unknown}
 k - a potion of degeneration {unknown}
Comestibles
 d - 2 rations


   Skills:
 - Level 1.5 Dodging
 - Level 2.1 Stealth
 - Level 2.0 Spellcasting
   Level 0.7 Transmutations
 * Level 5.2 Earth Magic


You had 5 spell levels left.
You knew the following spells:

 Your Spells              Type           Power        Failure   Level  Hunger
a - Sandblast             Erth           ###...       2%          1    #......

Your spell library contained the following spells:

 Spells                   Type           Power        Failure   Level  Hunger
 Passwall                 Tmut/Erth      ##......     9%          2    ###....
 Stone Arrow              Conj/Erth      ##....       22%         3    ###....
 Petrify                  Tmut/Erth      ##......     52%         4    #####..
 Lee's Rapid Deconstruct  Erth           ###.......   54%         5    ######.


Dungeon Overview and Level Annotations

Branches:
Dungeon (2/15)

Altars:

Annotations:
D:3 Ijyb


Innate Abilities, Weirdness & Mutations

You are resistant to torment.
Your stone body is resilient. (AC +3)
You are immune to poison.
You resist negative energy. (rN+)
You are resistant to electric shocks. (rElec)
You can survive without breathing.
You are immune to petrification.
You are immune to rotting.


Message History

Casting: Sandblast (safe; 2% risk of failure)
Confirm with . or Enter, or press ? or * to list all spells.
Aiming: Sandblast (safe; 2% risk of failure)
Press: ? - help, Shift-Dir - straight line, f/p - Ijyb
Aim: Ijyb, wielding a +2 dagger of holy wrath, wearing a +0 ring mail and carrying a wand of acid (7) (fast)
The blast of sand hits Ijyb.
Ijyb is lightly wounded.
b - 86 stones Ijyb hits you with a +2 dagger of holy wrath.
Casting: Sandblast (safe; 2% risk of failure)
Confirm with . or Enter, or press ? or * to list all spells.
Aiming: Sandblast (safe; 2% risk of failure)
Press: ? - help, Shift-Dir - straight line, f/p - Ijyb
Aim: Ijyb, wielding a +2 dagger of holy wrath, wearing a +0 ring mail and carrying a wand of acid (7) (lightly wounded, fast)
The blast of sand hits Ijyb!
Ijyb is moderately wounded.
b - 85 stones Ijyb zaps a wand.
The bolt of acid hits you!!
Ouch! That really hurt!
You die...

############.
#............
#............
#............
#...g@......#
#...##.......
###.# ..####.
#.......#
......>....
#.......#.#.#
..g....###.#.#
.##.##.## .# #
. .. ...


You could see Ijyb (fast).

Vanquished Creatures
  An adder (D:3)
  8 bats (D:1)
  4 giant cockroaches (D:1)
  4 hobgoblins
  4 kobolds (D:1)
  2 ball pythons (D:1)
  A frilled lizard (D:1)
  2 rats (D:1)
26 creatures vanquished.

Notes
Turn   | Place    | Note
-------+----------+-------------------------------------------
     0 | D:1      | DearestLeader the Gargoyle Earth Elementalist began the
                  | quest for the Orb.
     0 | D:1      | Reached XP level 1. HP: 10/10 MP: 3/3
   356 | D:1      | Reached skill level 4 in Earth Magic
   506 | D:1      | Reached XP level 2. HP: 13/15 MP: 5/5
  1350 | D:1      | Reached skill level 5 in Earth Magic
  1350 | D:1      | Reached XP level 3. HP: 19/19 MP: 6/6
  1621 | D:2      | You fall into a shaft and drop 1 floor!
  1622 | D:3      | Noticed Ijyb
  1633 | D:3      | Killed from afar by Ijyb

Illustrated notes

Levels and vault maps discovered:
D:1:      erik_arrival_triangle_small, layout_loops_ring
D:2:      layout_basic, hangedman_decor_points, uniq_sigmund, uniq_robin
D:3:      minmay_razor_zed, layout_basic, first_ration, uniq_ijyb

Skill      XL: |  1  2 |
---------------+-------+-----
Earth Magic    | 4 5 |  5.2
Dodging        | |  1.5
Stealth        | |  2.1
Spellcasting   | |  2.0
Transmutations | |  0.7

Action                   || total
-------------------------++-------
Melee: Unarmed           ||    83
       Whip              ||    50
 Cast: Sandblast         ||    25
 Stab: Sleeping          ||     3
  Eat: Chunk             ||     3
Armor: Robe              ||    86
Dodge: Dodged            ||   133
